AoeStats
← FJL

Arabian Desert

510099336Analyzed
1v1 RM · 4d ago on Sep 29, 2026· 21m 56s· 2 players
Game mode
Random Map
Map size
Tiny (2 player)
Population
200
Speed
Normal
Resources
Standard
Victory
Conquest
Starting age
Dark Age
Ending age
Imperial Age
RankedLock teamsTeams togetherTeam positionsShared explorationLock speedFull tech treeHidden civsTurbo modeCheats
Victory
Defeat
🇫🇷 Maya · France
2030
+7
🇦🇷 Byzantines · Argentina
1819
-7
FJL
6:45 Loom
9:03 Feudal Age
11:35 Double-Bit Axe
16:38 Fletching
18:20 Scale Barding Armor
21:50 Forging
Uzikoti l'éthéré
0:29 Loom
0:43 Loom
6:24 Loom
9:05 Feudal Age
9:37 Double-Bit Axe
14:02 Fletching
17:29 Wheelbarrow
21:33 Castle Age
19:29 Gold Mining
20:07 Arson
21:02 Scale Mail Armor
21:55 Forging
21:30 Horse Collar
21:36 Man-at-Arms
21:40 Eagle Warrior
Connection lost

Rejoining the realm…

Still unreachable

The connection could not be restored.

Session expired

The server has moved on; the page needs a fresh start.